Unix xNetHack Version 7.1.0 - last build May 27 2022 02:01:18 (40ddc3af3caeb211f83a4e7a6471a44cedb5a298). Game began 2022-06-04 18:43:06, ended 2022-06-04 19:39:46. blackshift, neutral male human Healer --- --- ----------- | . . +.........| |. ----- .-------- -.| # |.........| |. |++?| -------.|..|(((| +.| #######..........| |.. |+]+| |)....|.|..|(.(| |.| ## # |.........| |.. |...|-+|.._..|.--|- ..|---.| ## ? |<........| |...-|---..|.....|....---|-....|#### # ---+------- |..........|.....|..........%..|# ## |........{.-----|-.{...........|# ## |..............................|# a## |...--|--..........)-+--|---...|##i@a |...|..(|-------.---- |.."|....# |.. |((.| |.| |=*)|...|# |.. |(((| +.+ ---|+/)|...|# |.. -----+------.----..-----...|# |..............................|# --------------------------------# ###### Blackshift the Rhizotomist St:11 Dx:9 Co:14 In:13 Wi:17 Ch:11 Neutral S:394 Dlvl:7 $:42 HP:0(32) Pw:19(19) AC:-5 Xp:2/21 T:2242 Fainted Deaf Latest messages: Your leather studded armor deflects the giant ant's attack. You miss the giant ant. The giant ant bites! The giant ant bites! You miss the giant ant. The giant ant bites! You miss the giant ant. The giant ant bites! The giant ant bites! You miss the giant ant. The giant ant bites! You miss the giant ant. The giant ant bites! The giant ant bites! You miss the giant ant. The giant ant misses! What do you want to use or apply? [cg-ipyJNT or ?*] c In what direction? k Status of the giant ant (neutral): Level 3 HP 15(15) AC 3. The giant ant misses! The giant ant misses! The giant ant misses! The giant ant bites! You miss the manes. The giant ant bites! The giant ant bites! You miss the manes. The giant ant misses! The giant ant bites! The giant ant bites! The giant ant misses! You miss the manes. The giant ant misses! The giant ant bites! You miss the manes. The giant ant bites! The giant ant bites! The giant ant just misses! The giant ant bites! You faint from lack of food. The giant ant bites! The giant ant bites! The giant ant bites! The giant ant bites! You die... Do you want your possessions identified? [ynq] (y) y Do you want to see your attributes? [ynq] (y) y Do you want an account of creatures vanquished? [ynaq] (y) y Do you want to see your conduct and achievements? [ynq] (y) y Do you want to see the dungeon overview? [ynq] (y) y Major events: Turn 1: blackshift the neutral male human Healer entered the dungeon 1264: entered the Gnomish Mines 1708: reached Mine Town 2242: killed by a giant ant, while fainted from lack of food Inventory: Inventory: 469/675 weight (30/52 slots) Coins $ - 42 gold pieces {1} Weapons q - 10 +0 darts {10} G - a +0 silver aklys (tethered weapon in hand) {16} D - a +0 mithril short sword {18} Armor l - an uncursed +1 orcish helm (being worn) {23} u - an uncursed burnt +1 pair of gauntlets of dexterity (being worn) {8} H - an uncursed +0 pair of low boots (being worn) {8} I - an uncursed +0 small shield (being worn) {23} z - an uncursed +0 leather studded armor (being worn) {150} Comestibles k - an uncursed apple {2} A - 2 uncursed food rations {40} C - an uncursed egg {1} Scrolls U - an uncursed scroll of identify {5} o - a cursed scroll of identify {5} M - a blessed scroll of teleportation {5} Spellbooks i - a blessed spellbook of extra healing {45} h - a blessed spellbook of healing {35} Potions E - an uncursed potion of gain ability {20} r - an uncursed potion of object detection {20} Wands J - a wand of magic missile (0:3) {7} g - a wand of sleep (0:5) {7} Tools N - an uncursed pea whistle {3} p - an uncursed copper pea whistle {3} T - an uncursed skeleton key {3} c - an uncursed stethoscope {4} y - an uncursed wax candle {2} Gems/Stones s - an uncursed garnet stone {1} K - an uncursed jet stone {1} R - an uncursed worthless piece of orange glass {1} S - an uncursed worthless piece of yellow glass {1} t - 2 uncursed worthless pieces of yellowish brown glass {2} Blackshift the Healer's attributes: Background: You were a Rhizotomist, a level 2 male human Healer. You were neutral, on a mission for Hermes who was opposed by Athena (lawful) and Poseidon (chaotic). You were heterosexual. You were in the Gnomish Mines, on level 7. You entered the dungeon 2242 turns ago. You had 21 experience points, 19 more were needed to attain level 3. Your score was 394 before end-of-game adjustments. Basics: You had 0 out of 32 hit points. You had all 19 energy points (spell power). Your armor class was -5. Your wallet contained 42 zorkmids. Autopickup was off. Final Characteristics: Your strength was 11 (base:12, limit:18/100). Your dexterity was 9 (base:8, limit:18). Your constitution was 14 (limit:18). Your intelligence was 13 (limit:18). Your wisdom was 17 (limit:18). Your charisma was 11 (limit:18). Final Status: You were deaf. You were fainted due to starvation. You were unencumbered. You were wielding a club. You were unskilled in club. Final Attributes: You were piously aligned. You were poison resistant. You had a moderate defense bonus (+7). You were warded. You are dead. Miscellaneous: You never encountered a bones level. Total elapsed playing time was 56 minutes and 35 seconds. Vanquished creatures: a small mimic 3 watchmen 2 gnomish wizards 5 dwarves a monkey 2 hobbits 5 manes a large kobold 2 giant rats a yellow mold 17 gnomes a jackal 2 foxes 2 goblins 2 sewer rats 8 grid bugs a lichen 3 kobold zombies 2 newts 61 creatures vanquished. No species were genocided or became extinct. Voluntary challenges: You were illiterate. You never genocided any monsters. You never polymorphed an object. You never changed form. You never touched an artifact. You used no wishes. You never scared an enemy with impunity. You were celibate. You never generated conflict. Achievements: You entered a shop. You entered the Gnomish Mines. You entered Minetown. You entered a temple. The Dungeons of Doom: levels 1 to 4 Level 1: Some fountains, a tree. Level 2: Some fountains. Level 3: A general store, many fountains. Level 4: Stairs down to The Gnomish Mines. The Gnomish Mines: levels 5 to 7 Level 5: Level 6: Level 7: <- You were here. Many shops, a temple to Hermes, some fountains. Final resting place for you, killed by a giant ant, while fainted from lack of food. Game over: __________ / \ / REST \ / IN \ / PEACE \ / \ | blackshift | | 42 Au | | killed by a | | giant ant | | | | | | 2022 | *| * * * | * _________)/\\_//(\/(/\)/\//\/|_)_______ Goodbye blackshift the Healer... You died in The Gnomish Mines on dungeon level 7 with 394 points, and 42 pieces of gold, after 2242 moves. You were level 2 with a maximum of 32 hit points when you died.